 Dungeon Sprint DCSS version 0.21-a0-91-ga5031da (webtiles) character file.

7 Kidiri the Sneak (level 1, 0/9 HPs)
             Began as a Spriggan Enchanter on June 30, 2017.
             Slain by a worm (9 damage)
             ... in the Dungeon (Sprint II: "The Violet Keep of Menkaure").
             The game lasted 00:00:31 (298 turns).

Kidiri the Sneak (Spriggan Enchanter)                Turns: 298, Time: 00:00:31

Health: 0/9        AC:  2    Str:  4    XL:     1   Next: 83%
Magic:  5/5        EV: 19    Int: 16    God:
Gold:   243        SH:  0    Dex: 16    Spells: 5/6 levels left

rFire    . . .     SeeInvis +   a - +1 dagger
rCold    . . .     Gourm    .   (shield restricted)
rNeg     . . .     Faith    .   b - +0 robe
rPois    .         Spirit   .   (helmet restricted)
rElec    .         Reflect  .   (no cloak)
rCorr    .         Harm     .   (gloves unavailable)
MR       .....     NoTele   +   (boots unavailable)
Stlth    +++.......             (no amulet)
HPRegen  0.03/turn              (no ring)
MPRegen  0.09/turn              (no ring)

@: berserk cooldown, slowed, quick
A: unfitting armour, see invisible, herbivore 3, speed 3, slow metabolism 2
a: no special abilities


You were in the Dungeon.
You were not hungry.

You visited 1 branch You collected 243 gold pieces.

Inventory:

Hand Weapons
 a - a +1 dagger (weapon)
Armour
 b - a +0 robe (worn)
Scrolls
 j - a scroll of blinking
Potions
 e - a potion of curing
 f - a potion of heal wounds
 g - a potion of haste
 h - 2 potions of magic
Books
 c - a book of Maledictions

   Spells                             Type                      Level
   a - Corona                         Hexes                        1
   b - Ensorcelled Hibernation        Hexes/Ice                    2
   c - Confuse                        Hexes                        3
   d - Tukima's Dance                 Hexes                        3
   e - Dazzling Spray                 Conjuration/Hexes            3
Comestibles
 d - a bread ration


   Skills:
 + Level 0.4 Fighting
 * Level 1.9 Short Blades
 + Level 0.3 Armour
 * Level 3.7 Dodging
 * Level 5.1 Stealth
 * Level 3.1 Spellcasting
 + Level 4.1 Hexes


You had 5 spell levels left.
You knew the following spells:

 Your Spells              Type           Power        Failure   Level  Hunger
a - Corona                Hex            ###....      3%          1    None


Dungeon Overview and Level Annotations

Branches:
Dungeon (1/1)

Altars:

Shops:
D [(:([!}?}


Innate Abilities, Weirdness & Mutations

You are very small and have problems with some larger weapons.
You are too small for most types of armour.
You have supernaturally acute eyesight. (SInv)
You are a herbivore.
You cover ground extremely quickly.
You need consume almost no food.


Message History

A worm comes into view.
Found three shops.
There is an open door here.
The worm closely misses you.
You hit the worm.
The worm is lightly wounded.
You hit the worm.
The worm is moderately wounded.
The worm closely misses you.
You hit the worm.
The worm is moderately wounded.
The worm completely misses you.
You barely miss the worm.
The worm is moderately wounded.
The worm closely misses you.
You hit the worm.
The worm is moderately wounded.
The worm bites you!
Ouch! That really hurt!
You die...

######≈ .....#≈
## ## ....∩#≈
##. $## ...∩.#≈
.w w. ∩.∩.∩#≈ ##
.#. .∩.∩.#≈##w#
#+#
∩.∩..#≈#@####.##
+≈'##%%.<.+
.....#≈#...##.##
▓▓▓###≈##.###+#
######≈ ### ##


You could see a worm.

Vanquished Creatures
  2 worms (D)
2 creatures vanquished.

Vanquished Creatures (others)
  Menkaure (D)
1 creature vanquished.

Grand Total: 3 creatures vanquished

Notes
Turn   | Place    | Note
-------+----------+-------------------------------------------
     0 | D        | Kidiri the Spriggan Enchanter began the quest for the Orb.
     0 | D        | Reached XP level 1. HP: 9/9 MP: 5/5
     1 | D        | Noticed a tyrant leech
     1 | D        | Noticed a tyrant leech
    50 | D        | Killed Menkaure
   281 | D        | Reached skill level 5 in Stealth
   291 | D        | Found Zaot's Gadget Shop.
   291 | D        | Found Veurak's Book Boutique.
   291 | D        | Found Kaneju's Gadget Shop.
   291 | D        | Found Burphag's Antique Weapon Boutique.
   291 | D        | Found Weniosos's Distillery.
   291 | D        | Found Kazxiel's Magic Scroll Boutique.
   292 | D        | Found Ulethrewn's Antique Armour Shop.
   292 | D        | Found Xacloow's Weapon Boutique.
   292 | D        | Found Gecroifirgh's Armour Shop.
   298 | D        | Slain by a worm

Vault maps used:
D:        the_violet_keep_of_menkaure

Skill      XL: |  1 |
---------------+----+-----
Stealth        | 5 |  5.1
Spellcasting   | 3 |  3.1
Hexes          | 4 |  4.1
Fighting       | |  0.4
Short Blades   | |  1.9
Armour         | |  0.3
Dodging        | |  3.7

Action                   || total
-------------------------++-------
Melee: Dagger            ||    12
  Use: Potion            ||     1
Dodge: Dodged            ||     6
